Map: Pillars of Gold LE

Players

Lambo - Winner!

  • Race: Zerg Zerg
  • League: Grandmaster
  • Spawn Location: 1:00

Ronaldinho

  • Race: Terran Terran
  • League: Grandmaster
  • Spawn Location: 7:00

VOD

Have the link to the VOD?

Description

Time

  • Played on: March 25, 2021, 11:39 a.m.
  • Length: 14:37
Show
View Real Time Build Order
Export as new Build Order

Lambo Zerg - Winner!

Build Orders: Hatch First, Lurkers 

Get SALT Encoding   

  12  0:00  Drone  
  13  0:13  Overlord  
  13  0:17  Drone  
  14  0:33  Drone x2  
  16  0:50  Hatchery  
  16  0:52  Drone  
  16  0:56  Drone  
  17  1:00  Drone  
  18  1:10  Extractor  
  17  1:15  Spawning Pool  
  16  1:18  Drone  
  16  1:22  Drone  
  18  1:29  Drone  
  19  1:41  Drone  
  20  1:51  Drone  
  21  2:02  Queen x2  
  21  2:03  Zergling x4  
  27  2:12  Drone  
  27  2:13  Overlord  
  28  2:32  Hatchery  
  28  2:33  Drone x3  
  29  2:40  Metabolic Boost  
  29  2:42  Drone  
  30  2:45  Drone  
  30  2:50  Overlord  
  31  2:55  Drone  
  32  3:00  Queen  
  32  3:02  Drone  
  35  3:09  Queen  
  35  3:11  Drone  
  38  3:14  Drone  
  38  3:17  Drone x2  
  41  3:22  Drone x2  
  41  3:25  Overlord  
  43  3:41  Overlord  
  43  3:43  Queen  
  43  3:44  Drone  
  43  3:45  Queen  
  43  3:46  Drone  
  43  3:47  Drone  
  50  3:50  Drone x2  
  50  3:52  Zergling x2  
  50  3:53  Zergling x2  
  50  3:55  Drone  
  55  4:00  Drone x2  
  57  4:04  Overlord  
  57  4:06  Zergling x2  
  58  4:11  Zergling x6  
  58  4:15  Drone x2  
  63  4:21  Lair  
  63  4:22  Baneling Nest  
  62  4:27  Drone x3  
  65  4:33  Extractor  
  65  4:34  Drone  
  65  4:38  Overlord  
  65  4:40  Queen, Spore Crawler x2  
  65  4:41  Spore Crawler  
  65  4:45  Drone x3  
  65  4:49  Overlord  
  65  4:56  Overlord  
  65  4:59  Drone x5  
  70  5:00  Drone  
  70  5:05  Drone x2  
  73  5:07  Drone x2  
  73  5:09  Drone  
  73  5:12  Drone  
  73  5:13  Drone  
  78  5:21  Centrifical Hooks  
  78  5:22  Evolution Chamber  
  78  5:23  Evolution Chamber  
  78  5:25  Extractor x2  
  74  5:32  Hatchery  
  74  5:33  Drone x2  
  75  5:36  Drone x3  
  75  5:39  Drone x2  
  83  5:42  Drone x3  
  83  5:44  Drone  
  83  5:46  Drone  
  85  5:51  Zerg Ground Armor Level 1  
  85  5:53  Zerg Melee Weapons Level 1  
  85  5:54  Drone x2  
  87  5:58  Zergling x4  
  87  6:02  Overlord x2  
  87  6:03  Overlord  
  89  6:05  Overlord  
  89  6:08  Overlord  
  89  6:11  Overlord  
  89  6:20  Overlord  
  89  6:21  Overlord  
  89  6:23  Zergling x2  
  89  6:24  Zergling x16  
  98  6:32  Zergling x8  
  102  6:34  Zergling x4  
  104  6:40  Zergling x2  
  104  6:43  Baneling x8  
  104  6:45  Zergling x10  
  110  6:47  Zergling x2  
  110  6:50  Drone x3  
  110  6:52  Queen  
  115  6:56  Drone x3  
  115  6:59  Drone x3  
  121  7:05  Zergling x2  
  121  7:07  Baneling x7  
  118  7:10  Hatchery  
  118  7:12  Zergling x10  
  118  7:13  Baneling x6  
  122  7:18  Zergling x8  
  122  7:19  Baneling x3  
  126  7:24  Zergling x12  
  132  7:31  Zergling x14  
  132  7:34  Baneling  
  132  7:35  Baneling x6  
  137  7:38  Zergling x4  
  137  7:40  Baneling x3  
  137  7:44  Zergling x10  
  142  7:46  Zergling x6  
  142  7:48  Baneling x7  
  142  7:49  Zergling x2  
  140  7:51  Overlord  
  140  7:53  Zergling x2  
  140  7:56  Zergling x8  
  140  7:57  Baneling  
  140  7:58  Baneling x5  
  139  7:59  Zergling x4  
  139  8:04  Zergling x8  
  135  8:07  Zergling x2  
  135  8:09  Zergling x4  
  116  8:14  Zergling x8  
  116  8:16  Baneling x2  
  116  8:17  Zergling x2, Baneling x4  
  120  8:24  Zerg Ground Armor Level 2  
  120  8:29  Zerg Melee Weapons Level 2  
  120  8:30  Drone x5  
  120  8:32  Zergling x2  
  126  8:38  Zergling x12  
  128  8:47  Zergling x18  
  132  8:51  Zergling x12  
  137  8:57  Zergling x2  
  137  9:01  Infestation Pit, Baneling x2  
  137  9:02  Baneling x5  
  137  9:11  Zergling x28, Extractor  
  137  9:14  Baneling x2  
  137  9:16  Queen  
  152  9:17  Drone x2  
  152  9:18  Drone x4, Overlord  
  152  9:21  Zergling x2  
  159  9:30  Zergling x10  
  158  9:36  Zergling x2  
  158  9:37  Zergling x12  
  161  9:39  Baneling  
  161  9:40  Baneling x6  
  161  9:44  Zergling x14  
  168  9:50  Spore Crawler  
  168  9:52  Zergling x10  
  171  9:56  Hive  
  171  9:59  Zergling x8  
  175  10:04  Zergling x2  
  175  10:05  Zergling x8  
  175  10:06  Baneling x7  
  180  10:09  Zergling x2  
  180  10:10  Zergling x6  
  180  10:13  Hydralisk Den  
  180  10:16  Extractor x2  
  180  10:17  Overlord  
  180  10:18  Overlord  
  180  10:21  Overlord  
  176  10:23  Drone x9  
  176  10:25  Extractor  
  176  10:26  Extractor  
  179  10:28  Drone x2  
  179  10:29  Overlord  
  176  10:40  Zergling x24  
  173  10:45  Baneling x5  
  173  10:49  Drone  
  174  10:50  Drone x2  
  174  10:52  Zerg Missile Weapons Level 1  
  174  10:56  Zergling x4, Lurker Den  
  174  10:57  Zergling x16  
  184  11:07  Muscular Augments  
  184  11:09  Drone x3  
  184  11:11  Zergling x18  
  196  11:12  Queen  
  196  11:14  Queen  
  196  11:17  Baneling x5  
  200  11:21  Baneling x4  
  200  11:22  Baneling x3  
  199  11:27  Overseer  
  199  11:28  Pneumatized Carapace  
  186  11:34  Drone x7  
  186  11:35  Spore Crawler  
  186  11:37  Spore Crawler  
  186  11:39  Drone x3  
  194  11:40  Drone x4, Spore Crawler  
  194  11:41  Drone x2, Extractor, Spore Crawler  
  194  11:42  Spore Crawler  
  194  11:46  Overseer  
  196  11:48  Hatchery  
  196  11:53  Zergling x4  
  196  11:54  Zergling x16  
  198  11:57  Seismic Spines  
  189  12:11  Hydralisk x9  
  162  12:18  Zergling x18  
  162  12:22  Baneling x11  
  167  12:25  Baneling x7  
  157  12:43  Drone x3  
  160  12:50  Lurker x5  
  165  12:52  Lurker x4  
  165  12:53  Zergling x26  
  165  12:54  Adaptive Talons  
  182  12:59  Zergling x10  
  174  13:06  Zergling x14  
  174  13:08  Overseer  
  168  13:21  Spore Crawler  
  168  13:22  Spore Crawler  
  168  13:23  Spore Crawler  
  168  13:25  Spore Crawler  
  163  13:29  Hydralisk x3  
  169  13:34  Drone x4  
  169  13:35  Drone x2  
  169  13:37  Zergling x18  
  172  13:42  Zergling x4  
  172  13:46  Zergling x2  
  166  14:01  Zergling x26  
  164  14:07  Lurker x3  
  167  14:10  Baneling x10  
  167  14:11  Drone x9  
  181  14:20  Zergling x2  
  184  14:36  Spore Crawler  
  186  14:37  Spore Crawler  
Show
View Real Time Build Order
Export as new Build Order

Ronaldinho Terran 

Build Orders: Liberator Opening, Reaper Expand 

Get SALT Encoding   

  12  0:00  SCV  
  13  0:12  SCV  
  14  0:18  Supply Depot  
  14  0:24  SCV  
  15  0:40  SCV  
  15  0:42  Barracks  
  16  0:46  Refinery  
  16  0:52  SCV  
  17  1:04  SCV  
  18  1:16  SCV  
  19  1:29  Reaper, Orbital Command  
  20  1:43  Command Center  
  20  1:52  Supply Depot  
  20  1:56  SCV  
  21  2:01  Marine  
  21  2:07  Factory  
  22  2:11  SCV  
  23  2:17  Refinery  
  23  2:23  SCV  
  23  2:24  Barracks Reactor  
  24  2:36  SCV  
  25  2:48  SCV  
  26  2:54  Starport  
  26  2:56  Orbital Command  
  26  3:00  SCV  
  26  3:04  Hellion x2  
  31  3:12  SCV, Barracks Tech Lab  
  32  3:23  SCV  
  32  3:24  SCV  
  38  3:27  Hellion x2  
  38  3:35  SCV  
  38  3:36  SCV  
  38  3:37  Liberator  
  43  3:45  Supply Depot, Marine  
  44  3:49  SCV  
  44  3:50  SCV  
  46  4:07  SCV x2, Hellion x2  
  52  4:20  Supply Depot  
  52  4:23  SCV  
  53  4:25  SCV  
  53  4:28  Command Center  
  54  4:32  Barracks Tech Lab  
  54  4:35  Supply Depot  
  54  4:41  SCV x2  
  54  4:42  Hellion x2  
  60  4:49  Supply Depot  
  60  4:53  Marine  
  60  4:54  SCV, Stimpack  
  60  4:57  Barracks x2  
  65  5:03  SCV  
  65  5:05  Refinery x2  
  66  5:11  SCV  
  64  5:14  Starport Reactor  
  64  5:15  Marine  
  64  5:17  SCV  
  63  5:21  Supply Depot  
  63  5:22  Siege Tank  
  63  5:26  SCV  
  67  5:30  SCV  
  67  5:32  Engineering Bay  
  67  5:33  Engineering Bay  
  68  5:37  Marine  
  68  5:38  SCV  
  68  5:42  Orbital Command, SCV  
  71  5:50  SCV, Barracks x2  
  71  5:54  SCV  
  71  5:55  Marine  
  74  6:01  Siege Tank, Orbital Command, Marine x2, Starport Reactor  
  74  6:03  SCV  
  74  6:04  Marine x2  
  80  6:06  SCV  
  83  6:13  Terran Infantry Armor Level 1, Terran Infantry Weapons Level 1, Marine  
  83  6:15  SCV  
  85  6:18  SCV  
  85  6:19  Marine x2  
  85  6:21  Marine  
  85  6:22  Marine  
  90  6:27  SCV  
  90  6:28  Supply Depot  
  90  6:30  Marine  
  94  6:34  Siege Tank  
  94  6:37  Marine x2  
  94  6:38  Medivac  
  100  6:40  Barracks Reactor x2, Medivac  
  100  6:41  Combat Shield  
  100  6:46  Armory  
  101  6:49  Supply Depot  
  101  6:50  SCV  
  101  6:53  Marine  
  101  6:54  Marine  
  103  6:57  SCV  
  103  6:58  SCV  
  106  7:02  Supply Depot, SCV  
  106  7:04  Marine x2  
  109  7:10  Medivac x2  
  109  7:13  Marine x2  
  109  7:15  SCV x2  
  117  7:21  Supply Depot  
  117  7:23  Supply Depot  
  117  7:24  SCV, Marine  
  117  7:27  SCV  
  120  7:33  Marine x5  
  125  7:42  Marine x4  
  122  7:44  SCV  
  122  7:45  SCV  
  122  7:46  SCV  
  122  7:51  Marine x2  
  124  7:53  Marine  
  124  7:56  Supply Depot, Marine  
  124  7:57  SCV x2  
  124  7:58  Marine  
  130  7:59  Siege Tank  
  130  8:00  Marine x2  
  130  8:01  Medivac x2  
  120  8:08  Marine  
  120  8:09  Marine  
  120  8:11  Marine  
  103  8:13  SCV x3  
  103  8:14  Terran Infantry Armor Level 2  
  102  8:20  Terran Infantry Weapons Level 2  
  102  8:23  Drilling Claws  
  102  8:24  Marine x3  
  102  8:25  Marine  
  106  8:30  Factory, Marine  
  107  8:35  Marine  
  107  8:38  Marine  
  104  8:43  Marine  
  104  8:45  Marine x5  
  104  8:47  Medivac  
  112  8:49  Marine  
  112  8:51  Widow Mine  
  112  8:53  Marine  
  115  8:58  SCV x2  
  115  8:59  SCV  
  115  9:00  Marine x2  
  115  9:02  Marine  
  120  9:07  Bunker, Marine  
  120  9:08  Marine x4  
  126  9:10  Supply Depot  
  126  9:17  Widow Mine, Factory Reactor  
  126  9:19  Medivac x2  
  126  9:21  Marine x4  
  136  9:25  Marine x2  
  136  9:26  Marine x3  
  131  9:40  Marine x3  
  131  9:41  Marine  
  131  9:43  Marine  
  136  9:48  Marine x4  
  136  9:49  Widow Mine  
  142  9:58  Supply Depot, Marine x2  
  142  9:59  Supply Depot  
  144  10:04  Widow Mine x2  
  144  10:06  Marine  
  144  10:07  Marine x4, Marauder  
  155  10:11  Widow Mine  
  157  10:15  Supply Depot  
  157  10:16  Supply Depot  
  157  10:19  Liberator x2  
  163  10:21  Supply Depot  
  163  10:23  Supply Depot  
  163  10:26  Marine x5  
  163  10:28  Widow Mine x2  
  172  10:34  Terran Infantry Armor Level 3  
  172  10:37  Widow Mine, Marauder  
  176  10:47  Command Center  
  175  10:50  Terran Infantry Weapons Level 3  
  175  10:52  Marine  
  175  10:53  Marine x2  
  178  10:57  Refinery  
  178  11:00  Widow Mine x2  
  178  11:01  Widow Mine  
  178  11:03  Medivac  
  186  11:09  Marine  
  186  11:10  Marauder  
  189  11:16  Medivac  
  191  11:26  Barracks x2  
  191  11:31  Marine, Marauder  
  184  11:33  Widow Mine x3, Medivac  
  184  11:34  Marine  
  193  11:47  Factory  
  193  11:48  Marine  
  193  11:53  Marauder  
  194  11:55  Siege Tank  
  197  12:02  Marine  
  198  12:14  Marine, Marauder  
  198  12:15  Marine x8  
  175  12:17  Widow Mine x2  
  175  12:20  Marine  
  183  12:23  Medivac x2  
  175  12:32  Widow Mine, Marine x2  
  175  12:33  Marine x2  
  175  12:35  Marauder  
  176  12:38  Marine x6  
  180  12:44  Widow Mine  
  180  12:45  Widow Mine  
  180  12:50  Marine x2  
  180  12:51  Marine x2  
  188  12:59  Factory Tech Lab, Siege Tank  
  187  13:11  Marauder  
  187  13:18  Marine x2  
  187  13:19  Marine, Planetary Fortress  
  184  13:24  Siege Tank  
  185  13:33  Marauder  
  187  13:35  Marine x6  
  187  13:36  Siege Tank  
  187  13:37  Widow Mine x2  
  176  13:49  Marine  
  176  13:50  Marine x3  
  176  13:54  Marauder  
  182  13:56  Siege Tank  
  182  13:58  Command Center  
  182  14:02  Marine x4  
  147  14:04  Barracks Tech Lab  
  147  14:09  Widow Mine  
  150  14:15  Marauder  
Tags
 
Add a new tag
Caveats
  • Supply blocks, unpowered buildings, or Contaminate may cause inaccurate times.
  • Supply counts are checked every 10 seconds.